 Dungeon Crawl Stone Soup version 0.17-a0-465-g279efb6 (webtiles) character file.

751620 BluebellGnoll the Intangible (level 27, -3/156 HPs)
             Began as a Spriggan Assassin on Mar 30, 2015.
             Was the Champion of Dithmenos.
             Killed from afar by a fire giant (10 damage)
             ... with a fireball
             ... on level 16 of a ziggurat on Apr 6, 2015.
             The game lasted 18:29:12 (111373 turns).

BluebellGnoll the Intangible (Spriggan Assassin)  Turns: 111373, Time: 18:29:12

Health: -3/156     AC: 12    Str: 11    XL:     27
Magic:  25/52      EV: 44    Int: 22    God:    Dithmenos [******]
Gold:   4354       SH: 10    Dex: 23    Spells: 15 memorised, 2 levels left

rFire  + + +     SeeInvis +     L - +9 rapier "Hinwyong" {freeze, MR++ MP+9 Dex+4}
rCold  + . .     Clarity  .     b - +2 robe of the Lost Places {Slay+3 Stlth+}
rNeg   + . .     SustAb   .     y - +2 buckler of Infinity {rElec rF+}
rPois  .         Gourm    .     j - +2 hat
rElec  +         Spirit   .     Y - +2 cloak {+Inv}
rCorr  .         Warding  .     (gloves unavailable)
rMut   .         Stasis   +     (boots unavailable)
MR     +++++                    e - amulet of the Lily {Stasis rF+ rN+ MR+ Stlth+}
Stlth  ++++++++++               v - ring "Kare Mea" {rF+ rC+ Str+4}
                                X - +6 ring of slaying

@: shrouded, flying, very slightly contaminated, regenerating, wreathed by
umbra, studying Armour, invisible, very quick, almost entirely resistant to
hostile enchantments, uncannily stealthy
A: unfitting armour, yellow scales 1, see invisible, dopey 1, herbivore 3, speed
3, slow metabolism 2
a: Shadow Step, Shadow Form, Renounce Religion
}: 5/15 runes: decaying, serpentine, slimy, silver, demonic


You were on level 16 of a ziggurat.
You worshipped Dithmenos.
Dithmenos was exalted by your worship.
You were hungry.

You visited 12 branches of the dungeon, and saw 65 of its levels.
You visited Pandemonium 1 time, and saw 2 of its levels.
You visited the Abyss 1 time.
You visited 1 ziggurat, and saw 16 of its levels.
You also visited: Bailey, Ice Cave and Wizlab.

You collected 11453 gold pieces.
You spent 7099 gold pieces at shops.

Inventory:

Hand weapons
 d - the +12 blowgun of Unoter {speed, rPois Int+4}
   (You bought it in a shop on level 4 of the Orcish Mines)

   Attacks with this weapon are significantly faster.
   It affects your intelligence (+4).
   It protects you from poison.
 L - the +9 rapier "Hinwyong" (weapon) {freeze, MR++ MP+9 Dex+4}
   (You found it on level 11 of the Dungeon)

   It has been specially enchanted to freeze those struck by it, causing extra
   injury to most foes and up to half again as much damage against particularly
   susceptible opponents.
   It can also slow down cold-blooded creatures.
   It affects your dexterity (+4).
   It affects your resistance to hostile enchantments.
   It affects your magic capacity (+9).
 W - the +8 rapier of Infinite Pain {pierce, *Rage SInv Stlth+}
   (You took it off a deep elf annihilator on level 3 of the Elven Halls)

   It inflicts extra damage upon your enemies.
   It enhances your eyesight.
   It may make you go berserk in combat.
   It makes you more stealthy.
Missiles
 c - 25 tomahawks of returning (quivered)
 k - 8 needles of paralysis
 p - 7 throwing nets
 G - 3 needles of confusion
 K - 3 needles of frenzy
Armour
 b - the +2 robe of the Lost Places (worn) {Slay+3 Stlth+}
   (You found it on level 5 of the Vaults)

   It affects your accuracy and damage with ranged weapons and melee attacks
   (+3).
   It makes you more stealthy.
 j - a +2 hat (worn)
 y - the +2 buckler of Infinity (worn) {rElec rF+}
   (You found it on level 13 of a ziggurat)

   It protects you from fire.
   It insulates you from electricity.
 Y - a +2 cloak of invisibility (worn)
Jewellery
 e - the amulet of the Lily (around neck) {Stasis rF+ rN+ MR+ Stlth+}
   (You found it on level 6 of the Pits of Slime)

   [amulet of stasis]

   It prevents you from being teleported, slowed, hasted or paralysed.
   It protects you from fire.
   It protects you from negative energy.
   It affects your resistance to hostile enchantments.
   It makes you more stealthy.
 f - the amulet "Qubbo" {rMut rN+ Int+2 Slay-3}
   (You took it off a deep elf demonologist on level 5 of the Vaults)

   [amulet of resist mutation]

   It protects you from mutation.
   It affects your intelligence (+2).
   It affects your accuracy and damage with ranged weapons and melee attacks
   (-3).
   It protects you from negative energy.
 v - the ring "Kare Mea" (right hand) {rF+ rC+ Str+4}
   (You found it on level 2 of the Realm of Zot)

   [ring of protection from cold]

   It affects your strength (+4).
   It protects you from fire.
   It protects you from cold.
 z - a +6 ring of protection
 B - the ring "Anurch" {rN+ MP+9 Int+3}
   (You found it on level 3 of the Crypt)

   [ring of positive energy]

   It affects your intelligence (+3).
   It protects you from negative energy.
   It affects your magic capacity (+9).
 N - the amulet "Larar" {Spirit rN++ Slay-2}
   (You found it on level 6 of the Pits of Slime)

   [amulet of guardian spirit]

   It causes incoming damage to be split between your health and magic.
   It affects your accuracy and damage with ranged weapons and melee attacks
   (-2).
   It greatly protects you from negative energy.
 S - the ring "Edir" {rC+ MP+9 Str+4 Int+4}
   (You took it off a deep elf annihilator on level 3 of the Elven Halls)

   [ring of intelligence]

   It affects your strength (+4).
   It affects your intelligence (+4).
   It protects you from cold.
   It affects your magic capacity (+9).
 X - a +6 ring of slaying (left hand)
 Z - the amulet "Uhijics" {Ward rPois rN+ Int+5 Dex-5}
   (You bought it in a shop on level 5 of the Depths)

   [amulet of warding]

   It may prevent the melee attacks of summoned creatures.
   It affects your intelligence (+5).
   It affects your dexterity (-5).
   It protects you from poison.
   It protects you from negative energy.
Magical devices
 a - a wand of hasting (6)
 m - a wand of confusion (26)
 x - a wand of disintegration (10)
 J - a wand of paralysis (11)
 M - a wand of heal wounds (6)
 V - a wand of heal wounds (5)
Scrolls
 l - 8 scrolls of recharging
 n - 35 scrolls of teleportation
 o - 32 scrolls of remove curse
 t - 4 scrolls of fog
 w - 2 scrolls of holy word
 O - 17 scrolls of identify
 P - 6 scrolls of blinking
 U - 2 scrolls of enchant armour
Potions
 q - 2 potions of heal wounds
 r - a potion of invisibility
 s - 21 potions of curing
 u - 9 potions of cancellation
 A - 2 potions of magic
 C - 2 potions of might
 E - 3 potions of cure mutation
 F - 5 potions of haste
 I - 5 potions of resistance
 T - 5 potions of brilliance
Books
 h - a manual of Armour
Miscellaneous
 i - a phial of floods
 D - 5 phantom mirrors
 H - the horn of Geryon
 Q - a stone of tremors
 R - a fan of gales
Comestibles
 g - 29 bread rations


   Skills:
 - Level 20.0 Fighting
 - Level 22.1 Short Blades
 - Level 14.4 Throwing
 + Level 9.2 Armour
 O Level 27 Dodging
 O Level 27 Stealth
 - Level 3.6 Shields
 - Level 15.8 Spellcasting
 - Level 10.0 Conjurations
 - Level 12.1 Hexes
 - Level 16.1 Charms
 - Level 6.6 Necromancy
 - Level 6.2 Translocations
 - Level 8.1 Ice Magic
 - Level 10.4 Air Magic
 - Level 4.5 Poison Magic
 - Level 7.4 Invocations
 - Level 17.0 Evocations


You had 2 spell levels left.
You knew the following spells:

 Your Spells              Type           Power        Failure   Level  Hunger
a - Regeneration          Chrm/Necr      ######....   1%          3    None
b - Shroud of Golubria    Chrm/Tloc      ######....   1%          2    None
c - Confuse               Hex            ######..     1%          3    None
d - Song of Slaying       Chrm           ######..     0%          2    None
e - Spectral Weapon       Hex/Chrm       ######..     1%          3    None
f - Summon Lightning Spi  Summ/Air       #####...     6%          4    None
g - Mephitic Cloud        Conj/Pois/Air  ######..     1%          3    None
h - Flight                Chrm/Air       ######....   1%          3    None
i - Mass Confusion        Hex            ######....   4%          6    #####..
j - Control Undead        Necr           #####.....   2%          4    None
l - Freezing Cloud        Conj/Ice/Air   ######....   14%         6    #####..
r - Deflect Missiles      Chrm/Air       ######....   2%          6    #####..
s - Silence               Hex/Air        ######....   1%          5    ##.....
t - Control Teleport      Chrm/Tloc      ######....   1%          4    None
z - Apportation           Tloc           #####.....   1%          1    None


Dungeon Overview and Level Annotations

Branches:
Dungeon (15/15)            Temple (0/1) D:7            Lair (8/8) D:11
  Swamp (5/5) Lair:4        Snake (5/5) Lair:3        Slime (6/6) Lair:8
    Orc (4/4) D:11            Elf (3/3) Orc:3        Vaults (5/5) D:14
  Crypt (3/3) Vaults:3       Tomb (0/3) Crypt:3      Depths (5/5) D:15
   Hell (1/1)                 Dis (0/7) Hell            Geh (0/7) Hell
    Coc (0/7) Hell            Tar (0/7) Hell            Zot (5/5) Depths:5

Altars:
Cheibriados
Dithmenos
Elyvilon
Fedhas
Gozag
Kikubaaqudgha
Makhleb
Nemelex Xobeh
Okawaru
Ru
Sif Muna
Trog
Xom
Yredelemnul
Beogh
Jiyva

Shops:
D:6 *   D:7 (   Orc:2 *   Orc:3 [   Orc:4 =(*[   Snake:2 ?   Vaults:2 !
Vaults:3 [([   Vaults:4 ?   Vaults:5 !*%   Depths:1 :   Depths:5 *

Portals:
Hell: Depths:1 Depths:2 Depths:4 Depths:5
Abyss: Depths:3 Depths:4 Depths:5
Pandemonium: Depths:1 Depths:3

Annotations:
D:7 Antondotnet's ghost, experienced DsGl; Menkaure
D:9 exclusion: ice statue
Lair:1 exclusion: oklob plant
Snake:5 exclusion: Roxanne, Roxanne
Vaults:2 Sojobo


Innate Abilities, Weirdness & Mutations

You are tiny and cannot use many weapons and most armour.
You have supernaturally acute eyesight.
You are a herbivore.
You cover ground extremely quickly.
You need consume almost no food.
You are partially covered in yellow scales (AC +2).
You are dopey. (Int -2)


Message History

Casting: Spectral Weapon
Confirm with . or Enter, or press ? or * to list all spells.
Your skin crawls.
You hear a shout!
The stone giant misses your spectral weapon.
Unknown command.
Casting: Regeneration
Confirm with . or Enter, or press ? or * to list all spells.
Space distorts slightly along a thin shroud covering your body.
Your song has ended.
The titan waves its arms in wide circles.
The air twists around and violently strikes you in flight!
* * * LOW HITPOINT WARNING * * *
You emit a cloud of dark smoke.
The fire giant points at you and mumbles some strange words.
The fireball explodes!
The fireball engulfs the fire giant.
The fire giant resists.
The fireball engulfs the fire giant.
The fire giant resists.
The fireball engulfs the fire giant.
The fire giant resists.
The fireball engulfs you! You resist.
You die...

...§..............▓
C...§§≈............▓
.C.C≈≈§≈≈.C.........▓
..CC§§#§≈..C.......∩▓
..CC≈≈≈§≈..§........▓
.C...≈≈≈((..........▓
..CCCC†§(C...CCC....▓
...C..(C§C§C§CCC(§..▓
....C...§§CC§CCC@§§.▓
▓........§§8▓▓▓▓▓▓▓▓▓
▓...........▓
...........▓
..........▓
.........▓ ▓▓▓▓▓▓▓


You could see a titan, 3 fire giants, 2 stone giants and a friendly spectral
rapier "Hinwyong" {freeze, MR++ MP+9 Dex+4}.

Vanquished Creatures
  the royal jelly (Slime:6)
  Mara (Depths:1)
  3 ancient liches
  The ghost of Herrn the Executioner, an awesomely powerful FoFi of Okawaru (Depths:4)
  Boris (Crypt:1)
  the Lernaean hydra (Swamp:5)
  Norris (Depths:1)
  The ghost of Pikaro the Shatterer, a mighty OgFE of Ashenzari (Depths:2)
  A pandemonium lord (Pan)
  Geryon (Hell)
  8 golden dragons
  Jory (Vaults:2)
  the Enchantress (Depths:3)
  Xtahua (Vaults:4)
  3 electric golems (Zot:1)
  A Brimstone Fiend (Pan)
  Jorgrun (Depths:3)
  A Cloud Mage (WizLab)
  An Ice Fiend (Zig:13)
  15 tentacled monstrosities
  8 titans
  7 Orb Guardians (Zot:5)
  5 deep elf blademasters
  7 deep elf master archers
  3 Executioners (Pan)
  7 liches
  Murray (Depths:1)
  26 acid blobs
  8 sphinxes
  2 thorn hunters (Swamp:5)
  6 storm dragons
  2 tentacled starspawn (Abyss:1)
  11 tengu reavers
  An octopode crusher (Depths:5)
  11 shadow dragons
  17 azure jellies
  4 ancient champions
  2 revenants
  5 draconian monks
  Wiglaf (Vaults:1)
  15 greater nagas
  6 deep elf sorcerers
  11 fire giants
  Donald (Swamp:4)
  13 ghost moths
  26 vault wardens
  3 draconian knights
  Maud (Lair:6)
  10 frost giants
  2 iron dragons
  Aizul (Depths:1)
  2 draconian scorchers
  5 emperor scorpions
  3 curse skulls
  Gastronok (Lair:1)
  10 reapers
  16 very ugly things
  3 balrugs
  2 draconian zealots
  2 draconian shifters
  A draconian annihilator (Zig:5)
  4 spriggan defenders (Depths:3)
  21 stone giants
  2 caustic shrike skeletons
  2 orc warlords
  4 war gargoyles
  18 ironheart preservers
  5 green draconians
  3 black draconians
  4 draconian callers
  2 salamander firebrands (Hell)
  10 deep elf annihilators
  11 deep elf demonologists
  3 purple draconians
  4 dire elephants
  Azrael (D:15)
  5 mottled draconians
  3 red draconians
  A vampire knight (Crypt:3)
  10 white draconians
  5 yellow draconians
  16 ettins
  14 eidola
  Snorg (Lair:7)
  12 deep elf death magi
  2 blizzard demons (IceCv)
  A green death (Hell)
  7 death oozes
  6 deep elf high priests
  11 jiangshi
  A mummy priest (Crypt:3)
  16 yaktaur captains
  A crystal guardian (Vaults:5)
  A kraken zombie (Hell)
  11 fire dragons
  14 ogre magi
  21 great orbs of eyes
  29 vault guards
  18 hydras
  Harold (Lair:7)
  A minotaur (Depths:3)
  2 hell beasts
  19 naga warriors
  5 death cobs
  A quicksilver dragon skeleton (Crypt:1)
  A ghost crab (Swamp:3)
  7 rakshasas
  4 entropy weavers
  Nessos (D:12)
  16 ice dragons
  12 centaur warriors
  Erica (Lair:3)
  7 spriggan air magi
  15 alligators
  15 dancing weapons
  2 death knights (Crypt:2)
  15 death yaks
  9 anacondas
  6 deep troll shamans
  8 vampire magi
  A titan zombie (Crypt:3)
  21 naga sharpshooters
  A tengu warrior (Depths:2)
  3 hell hogs (Hell)
  7 deep troll earth magi
  2 thrashing horrors (Abyss:1)
  6 large abominations
  19 soul eaters
  3 spriggan berserkers
  3 iron golems
  27 deep elf knights
  10 shock serpents
  4 orc high priests
  5 sun demons
  Nergalle (Lair:6)
  24 hell knights
  The ghost of Somebody the Grappler, an experienced TrMo of Fedhas (Bailey)
  A titan skeleton (Crypt:3)
  A wretched star (Abyss:1)
  3 storm dragon zombies
  2 anaconda zombies
  A sea snake (shapeshifter) (Elf:3)
  6 salamander mystics
  23 deep trolls
  2 fire crabs (Vaults:3)
  22 skeletal warriors
  A ghost moth zombie (Crypt:3)
  9 swamp dragons
  6 iron trolls
  An infernal demonspawn (Pan)
  A golden dragon zombie (Crypt:1)
  A sea snake (Snake:5)
  8 shadow wraiths
  A death drake (Abyss:1)
  7 naga ritualists
  2 spriggan druids
  4 giant orange brains
  14 ice devils
  2 unseen horrors
  3 ice statues (IceCv)
  A torturous demonspawn (Pan)
  A wolf spider zombie (Crypt:3)
  A shadow dragon zombie (Crypt:1)
  15 deep elf summoners
  An obsidian statue (Zig:15)
  11 hill giants
  Erolcha (Orc:3)
  A lindwurm (Lair:8)
  2 anaconda skeletons
  4 shambling mangroves
  3 gelid demonspawn (Pan)
  4 wizards
  13 orc knights
  A mana viper (shapeshifter) (Depths:3)
  A tengu zombie (Zig:13)
  18 deep elf conjurers
  A frost giant zombie (Depths:3)
  26 necromancers
  4 harpies (Vaults:2)
  2 stone giant zombies
  16 ironbrand convokers
  11 phantasmal warriors
  60 ugly things
  9 shining eyes
  5 cyclopes
  A manticore (shapeshifter) (Vaults:5)
  8 orb spiders
  2 shadow dragon skeletons
  9 wolf spiders
  4 orc sorcerers
  8 oklob plants (Zig:12)
  20 salamanders
  14 elephants
  A tengu skeleton (Zig:13)
  13 mana vipers
  7 griffons
  36 black mambas
  An iron dragon skeleton (Crypt:3)
  3 sixfirhies
  8 hornets
  2 dire elephant zombies (Crypt:3)
  A fire giant skeleton (Crypt:3)
  22 vault sentinels
  24 naga magi
  2 manticores (Depths:1)
  17 moths of wrath
  A smoke demon (Depths:1)
  2 frost giant skeletons
  2 rust devils
  5 gargoyles
  A hellion (Hell)
  2 spiny frogs (shapeshifter)
  4 torpor snails
  A molten gargoyle (Hell)
  5 eyes of devastation
  An octopode (shapeshifter) (Depths:1)
  2 orange demons
  22 spiny frogs
  A shock serpent skeleton (Crypt:1)
  15 hellwings
  18 guardian serpents
  3 demonic crawlers
  An elf (shapeshifter) (Vaults:5)
  A catoblepas zombie (Crypt:3)
  2 anaconda simulacra (IceCv)
  10 komodo dragons
  79 yaktaurs
  8 deep elf priests
  6 kobold demonologists (Vaults:3)
  7 fire drakes
  A troll (shapeshifter) (Vaults:2)
  A pale draconian skeleton (Crypt:2)
  10 freezing wraiths
  3 red devils
  5 trolls
  A catoblepas skeleton (Crypt:3)
  4 hydra zombies
  A polar bear (shapeshifter) (Vaults:3)
  6 jumping spiders
  3 ancient zymes (Abyss:1)
  4 giant leeches
  A jumping spider (shapeshifter) (Vaults:4)
  2 harpy zombies
  14 blue devils
  19 two-headed ogres
  A merfolk (shapeshifter) (Vaults:5)
  Grinder (D:4)
  Prince Ribbit (D:8)
  A harpy skeleton (Crypt:3)
  An ushabti (Crypt:3)
  7 boulder beetles
  153 slime creatures
  27 blink frogs
  2 alligator zombies (Hell)
  A hydra skeleton (Hell)
  6 wind drakes (WizLab)
  12 baby alligators
  A baby alligator (shapeshifter) (Vaults:3)
  7 bog bodies
  A stone giant simulacrum (Vaults:1)
  A trapdoor spider zombie (D:13)
  A frost giant simulacrum (Depths:3)
  3 ettin zombies
  An ice dragon zombie (Crypt:3)
  6 trapdoor spiders
  A sphinx simulacrum (Vaults:2)
  4 flying skulls
  7 ravens
  3 vampires
  A black mamba zombie (Crypt:3)
  39 air elementals
  2 fire dragon skeletons (Crypt:3)
  9 tarantellas
  8 basilisks
  16 spriggans
  An ice dragon skeleton (Crypt:3)
  4 water elementals
  2 alligator skeletons (Hell)
  A griffon skeleton (Crypt:2)
  38 deep elf magi
  12 redbacks
  A human (D:8)
  A ynoxinul (Vaults:5)
  8 fire elementals
  7 hippogriffs
  12 wraiths
  9 golden eyes
  2 small abominations
  3 redbacks (shapeshifter)
  A black mamba skeleton (Crypt:3)
  47 yaks
  Eustachio (D:4)
  A hungry ghost (D:10)
  A hog (D:8)
  4 shadows
  A wyvern (Lair:8)
  2 dire elephant simulacra (IceCv)
  9 wargs
  3 steam dragons (Lair:8)
  20 vampire mosquitoes
  3 chaos spawn (Abyss:1)
  46 deep elf fighters
  A human zombie (Crypt:3)
  51 nagas
  2 neqoxecs
  27 swamp worms
  Edmund (D:5)
  4 mottled dragons
  7 raven skeletons (Crypt:3)
  18 wolves
  11 insubstantial wisps
  12 hell hounds
  4 hydra simulacra
  2 soldier ants (shapeshifter)
  30 water moccasins
  2 spiny frog zombies
  6 porcupines
  A sky beast (shapeshifter) (Depths:3)
  A harpy simulacrum (IceCv)
  11 ice beasts
  An eye of draining (shapeshifter) (Vaults:5)
  A water nymph skeleton (Crypt:1)
  62 orc warriors
  6 spiders
  15 eyes of draining
  5 sky beasts
  A black bear (D:11)
  A swamp dragon zombie (Crypt:3)
  10 swamp drakes
  A black bear (shapeshifter) (Depths:1)
  15 centaurs
  16 wasps
  A boggart (Depths:1)
  2 phantoms
  4 boring beetles
  55 ogres
  29 crocodiles
  A snapping turtle skeleton (Crypt:1)
  2 manticore skeletons (Crypt:3)
  2 human skeletons
  Sigmund (D:4)
  2 ettin simulacra (IceCv)
  Duvessa (D:8)
  A boring beetle (shapeshifter) (Depths:2)
  A fire crab zombie (Crypt:2)
  A fire drake skeleton (Crypt:2)
  4 lost souls (Crypt:3)
  5 brain worms
  4 elf zombies
  2 big kobolds (Vaults:3)
  35 jellies
  A giant frog (shapeshifter) (Depths:1)
  A wyvern zombie (Crypt:2)
  A glowing shapeshifter simulacrum (Vaults:3)
  18 giant frogs
  2 spriggan zombies
  6 scorpions
  A human simulacrum (Vaults:3)
  A troll zombie (D:11)
  6 killer bees
  8 wights
  2 elf skeletons
  A raiju skeleton (Crypt:1)
  5 electric eels
  3 goliath beetles
  15 hounds
  12 crimson imps
  Dowan (D:8)
  3 centaur zombies
  A giant frog skeleton (D:10)
  31 orc priests
  6 centaur skeletons
  4 giant frog zombies
  36 orc wizards
  6 worker ants
  5 iron imps
  15 iguanas
  An ogre zombie (Vaults:3)
  21 sheep
  A brain worm zombie (Depths:3)
  Ijyb (D:3)
  3 hound zombies
  An ogre skeleton (Abyss:1)
  A hound skeleton (D:6)
  3 mummies
  12 gnolls
  17 adders
  63 river rats
  3 shadow imps
  A white imp (Zig:13)
  A worm (D:3)
  A sheep zombie (Crypt:1)
  4 adder skeletons
  17 giant geckos
  237 orcs
  19 bats
  2 bat skeletons (Crypt:1)
  8 giant cockroaches
  28 hobgoblins
  4 jackals
  29 kobolds
  15 quokkas
  3 ball pythons
  A giant gecko skeleton (Crypt:2)
  11 giant newts
  2 giant spores (D:11)
  21 goblins
  A jackal skeleton (D:7)
  An orc zombie (Crypt:3)
  A quokka zombie (D:6)
  10 rats
  8 ballistomycetes (D:11)
  2 crawling corpses (Elf:3)
  2 fungi
  12 plants
3510 creatures vanquished.

Vanquished Creatures (collateral kills)
  A shard shrike (Zig:13)
  A greater naga (Zig:11)
  2 naga ritualists (Zig:11)
  A wolf spider (Zig:15)
  2 orb spiders (Zig:15)
  A naga mage (Zig:11)
  2 demonic crawlers (Zig:15)
  A freezing wraith (Zig:13)
  3 jumping spiders (Zig:15)
  A trapdoor spider (Zig:15)
  A tarantella (Zig:15)
  2 spiders (Zig:15)
18 creatures vanquished.

Vanquished Creatures (others)
  A golden dragon (Zot:2)
  41 spectral weapons
  A war gargoyle (Vaults:5)
  8 hell beasts
  A shadow wraith (Vaults:2)
  A necromancer (Crypt:3)
  7 water elementals
  2 tarantellas
  A deep elf fighter (Elf:1)
  A basilisk (shapeshifter) (Vaults:5)
  A yak (D:11)
  A water moccasin (Zig:11)
  2 spiders (Vaults:2)
  7 lost souls
  A lightning spire (Zig:16)
  An iguana (D:11)
  An orc wizard (D:11)
  A sheep (Lair:6)
  A hobgoblin (D:11)
  A fungus (Lair:1)
  3 plants
  6 starspawn tentacles (Abyss:1)
  4 tentacles (Hell)
  50 tentacle segments (Hell)
144 creatures vanquished.

Grand Total: 3672 creatures vanquished

Notes
Turn   | Place    | Note
--------------------------------------------------------------
     0 | D:1      | BluebellGnoll, the Spriggan Assassin, began the quest for the Orb.
     0 | D:1      | Reached XP level 1. HP: 10/10 MP: 2/2
    61 | D:1      | Reached skill level 6 in Stealth
   198 | D:1      | Reached XP level 2. HP: 14/14 MP: 4/4
   842 | D:2      | Reached skill level 7 in Stealth
   962 | D:2      | Reached XP level 3. HP: 18/18 MP: 6/6
  1154 | D:2      | Reached XP level 4. HP: 20/22 MP: 8/8
  1719 | D:3      | Noticed Ijyb
  1732 | D:3      | Killed Ijyb
  1871 | D:3      | Reached XP level 5. HP: 25/25 MP: 10/10
  2271 | D:4      | Found a shadowy altar of Dithmenos.
  2316 | D:3      | Reached skill level 5 in Dodging
  2316 | D:3      | Reached skill level 8 in Stealth
  2330 | D:4      | Noticed Grinder
  2338 | D:4      | Became a worshipper of Dithmenos the Shadowed
  2462 | D:4      | Noticed Sigmund
  2626 | D:4      | Killed Sigmund
  2626 | D:4      | Reached XP level 6. HP: 20/30 MP: 12/12
  2759 | D:4      | Noticed Eustachio
  2796 | D:4      | Killed Eustachio
  2796 | D:4      | Reached skill level 9 in Stealth
  2981 | D:4      | Killed Grinder
  2981 | D:4      | Reached skill level 10 in Stealth
  2981 | D:4      | Reached XP level 7. HP: 33/33 MP: 14/14
  3287 | D:4      | Found an iron altar of Okawaru.
  3287 | D:4      | Found a bloodstained altar of Trog.
  3328 | D:4      | Noticed an ogre
  3345 | D:4      | Killed an ogre
  3458 | D:5      | Entered Level 5 of the Dungeon
  3606 | D:5      | Reached skill level 5 in Short Blades
  3934 | D:5      | Reached XP level 8. HP: 30/37 MP: 16/16
  4094 | D:5      | Noticed Edmund
  4150 | D:5      | Killed Edmund
  5460 | D:6      | Got a distressingly furry hat
  5466 | D:6      | Identified the +1 hat "Jiataelo" {+Fly rElec Regen+ Slay-5} (You found it on level 6 of the Dungeon)
  5562 | D:6      | Reached skill level 11 in Stealth
  5568 | D:6      | Acquired Dithmenos's first power
  5679 | D:6      | Found Lugyugg's Luxury Loot.
  5823 | D:6      | Reached XP level 9. HP: 41/41 MP: 18/18
  5962 | D:6      | Found a sparkling altar of Nemelex Xobeh.
  6351 | D:7      | Found a flagged portal.
  6354 | D:7      | Reached skill level 12 in Stealth
  6522 | D:7      | Reached skill level 10 in Dodging
  6595 | D:7      | Noticed Menkaure
  6640 | Bailey   | Entered a bailey
  6712 | Bailey   | Noticed Somebody's ghost (experienced TrMo)
  6769 | Bailey   | Killed Somebody's ghost
  6769 | Bailey   | Reached skill level 13 in Stealth
  7234 | Bailey   | Found an iron altar of Okawaru.
  7270 | Bailey   | Reached skill level 14 in Stealth
  7550 | D:7      | Noticed Antondotnet's ghost (experienced DsGl)
  8021 | D:7      | Reached skill level 15 in Stealth
  8097 | D:7      | Found Hemanoeng's Antique Weapon Shoppe.
  8141 | D:7      | Acquired Dithmenos's second power
  8331 | D:7      | Found a staircase to the Ecumenical Temple.
  8548 | D:8      | Reached XP level 10. HP: 46/46 MP: 19/19
  8781 | D:8      | Noticed Duvessa
  8812 | D:8      | Noticed Dowan
  8855 | D:8      | Killed Dowan
  9098 | D:8      | Noticed Prince Ribbit
  9173 | D:8      | Killed Duvessa
  9425 | D:8      | Killed Prince Ribbit
  9511 | D:8      | Noticed a cyclops
  9570 | D:8      | Killed a cyclops
  9780 | D:8      | Reached skill level 5 in Fighting
 10056 | D:8      | Learned a level 1 spell: Apportation
 10096 | D:9      | Found a burning altar of Makhleb.
 10219 | D:9      | Reached skill level 1 in Translocations
 11175 | D:9      | Noticed an ice statue
 11200 | D:10     | Entered Level 10 of the Dungeon
 11231 | D:10     | Reached skill level 5 in Translocations
 11361 | D:10     | Acquired Dithmenos's third power
 11620 | D:10     | Reached XP level 11. HP: 56/56 MP: 20/20
 11904 | D:10     | Noticed a hill giant
 11911 | D:10     | Killed a hill giant
 11911 | D:10     | Reached skill level 10 in Short Blades
 12715 | D:11     | Reached skill level 1 in Evocations
 12721 | D:11     | Found a staircase to the Lair.
 13065 | D:11     | Found a shimmering altar of Xom.
 13125 | D:11     | Found a staircase to the Orcish Mines.
 13155 | D:11     | Acquired Dithmenos's fourth power
 13258 | D:11     | Got a shimmering rapier
 13260 | D:11     | Identified the +9 rapier "Hinwyong" {freeze, MR++ MP+9 Dex+4} (You found it on level 11 of the Dungeon)
 13553 | D:11     | Reached skill level 16 in Stealth
 13566 | D:11     | Noticed an unseen horror
 13578 | D:11     | Killed an unseen horror
 13578 | D:11     | Reached skill level 5 in Evocations
 13955 | D:11     | Found a roughly hewn altar of Beogh.
 14230 | D:12     | Reached skill level 17 in Stealth
 14281 | D:12     | Noticed a hill giant
 14510 | D:12     | Killed a hill giant
 14659 | D:12     | Noticed Nessos
 14662 | D:12     | Killed Nessos
 14662 | D:12     | Reached XP level 12. HP: 60/60 MP: 27/27
 14889 | D:12     | Found a sacrificial altar of Ru.
 15144 | D:12     | Noticed a hill giant
 15152 | D:12     | Killed a hill giant
 15156 | D:12     | Identified a scroll of acquirement
 15665 | D:13     | Reached skill level 18 in Stealth
 16167 | Lair:1   | Entered Level 1 of the Lair of Beasts
 16220 | Lair:1   | Noticed Gastronok
 16326 | Lair:1   | Killed Gastronok
 16326 | Lair:1   | Reached skill level 19 in Stealth
 16423 | Lair:1   | Found a blossoming altar of Fedhas.
 17102 | Lair:1   | Reached XP level 13. HP: 67/69 MP: 29/29
 17870 | Lair:2   | Reached skill level 20 in Stealth
 18227 | Lair:3   | Found a staircase to the Snake Pit.
 18590 | Lair:3   | Noticed Erica
 18597 | Lair:3   | Killed Erica
 19025 | Lair:3   | Reached skill level 21 in Stealth
 19209 | Lair:2   | Learned a level 3 spell: Flight
 19338 | Lair:4   | Reached skill level 1 in Charms
 19718 | Lair:4   | Got a smoking shortbow
 19792 | Lair:4   | Found a staircase to the Swamp.
 20053 | Lair:5   | Reached skill level 5 in Charms
 20539 | Lair:6   | Noticed Nergalle
 20541 | Lair:6   | Killed Nergalle
 20944 | Lair:6   | Found a staircase to the Snake Pit.
 21109 | Lair:6   | You fall through a shaft for 2 floors!
 21109 | Lair:8   | Entered Level 8 of the Lair of Beasts
 21116 | Lair:7   | Found a white marble altar of Elyvilon.
 21421 | Lair:6   | Noticed Maud
 21423 | Lair:6   | Killed Maud
 21430 | Lair:6   | Reached XP level 14. HP: 74/74 MP: 29/29
 22085 | Lair:7   | Noticed Snorg
 22087 | Lair:7   | Killed Snorg
 22142 | Lair:7   | Noticed Harold
 22144 | Lair:7   | Killed Harold
 22693 | Lair:8   | Found a staircase to the Slime Pits.
 23871 | Lair:8   | Reached skill level 15 in Dodging
 24505 | Lair:8   | Reached skill level 1 in Air Magic
 25022 | Lair:2   | Identified the +10 shortbow "Jygec" {flame, MR+ Str+5} (You found it on level 4 of the Lair of Beasts)
 25165 | Orc:1    | Entered Level 1 of the Orcish Mines
 26108 | Orc:3    | Found a staircase to the Elven Halls.
 26203 | Orc:4    | Entered Level 4 of the Orcish Mines
 26677 | Orc:3    | Noticed Erolcha
 26679 | Orc:3    | Killed Erolcha
 27395 | Orc:3    | Found Enoneif's Antique Armour Boutique.
 27460 | Orc:3    | Bought an embroidered hat for 104 gold pieces
 27460 | Orc:3    | Bought a faintly humming robe for 148 gold pieces
 27613 | Orc:2    | Found Qihaatho's Off-Brand Ammunition.
 27804 | Orc:4    | Found a roughly hewn altar of Beogh.
 27933 | Orc:4    | Noticed an orc warlord
 27933 | Orc:4    | Found a roughly hewn altar of Beogh.
 28310 | Orc:4    | Reached XP level 15. HP: 51/78 MP: 30/30
 28616 | Orc:4    | Killed an orc warlord
 29584 | Orc:4    | Found Itwuicod's Antique Weapon Boutique.
 29625 | Orc:4    | Found Tom Dogi's Jewellery Boutique.
 29630 | Orc:4    | Found Wuiru's General Store.
 29722 | Orc:4    | Bought 3 fruits for 67 gold pieces
 29768 | Orc:4    | Found Ecza Mar's Antique Armour Boutique.
 30101 | Orc:4    | Bought an encrusted blowgun for 232 gold pieces
 30453 | Lair:2   | Identified the +4 robe "Qitiw" {Str+8 Dex-4 SInv} (You bought it in a shop on level 3 of the Orcish Mines)
 30470 | Lair:2   | Identified the +12 blowgun of Unoter {speed, rPois Int+4} (You bought it in a shop on level 4 of the Orcish Mines)
 30476 | Lair:2   | Upgraded the game from 0.17-a0-227-gf5308cc to 0.17-a0-346-g4a5ca9a
 30877 | D:14     | Found a gate to the Vaults.
 30902 | D:14     | Learned a level 3 spell: Regeneration
 31362 | D:15     | Entered Level 15 of the Dungeon
 31642 | D:15     | Found a staircase to the Depths.
 31661 | D:15     | Reached skill level 10 in Fighting
 32481 | D:15     | Noticed Azrael
 32489 | D:15     | Killed Azrael
 33174 | Depths:1 | Entered Level 1 of the Depths
 33175 | Depths:1 | Found Xafref's One-of-a-Kind Books.
 33176 | Depths:1 | Reached skill level 5 in Throwing
 33328 | Depths:1 | Found a one-way gate leading to the halls of Pandemonium.
 33387 | Depths:1 | Found a magical portal.
 33396 | WizLab   | Entered The Chambers of Zif Vo Pui the Cloud Mage
 33854 | WizLab   | Noticed Zif Vo Pui
 34228 | WizLab   | Reached skill level 15 in Short Blades
 34507 | WizLab   | Reached XP level 16. HP: 70/87 MP: 19/20
 34682 | WizLab   | Killed Zif Vo Pui the Cloud Mage
 34836 | WizLab   | Identified the Handbook of the Wilderness (You found it in a wizard's laboratory)
 34840 | WizLab   | Identified Niuw's Papyrus of Boosting Feathers
 34948 | WizLab   | Learned a level 2 spell: Repel Missiles
 35061 | Depths:1 | Noticed a lich
 35068 | Depths:1 | Killed a lich
 35376 | Depths:1 | Found a gateway to Hell.
 35406 | Depths:1 | Reached skill level 10 in Charms
 35407 | Depths:1 | Noticed Mara
 36667 | Depths:1 | Reached skill level 1 in Spellcasting
 37377 | Depths:1 | Reached skill level 5 in Spellcasting
 37527 | Depths:1 | Noticed Norris
 38020 | Snake:1  | Entered Level 1 of the Snake Pit
 39685 | Snake:2  | Reached skill level 22 in Stealth
 39914 | Snake:2  | Found Xepsy's Magic Scroll Emporium.
 39933 | Snake:2  | Bought a scroll of fear for 52 gold pieces
 39933 | Snake:2  | Bought a scroll of fear for 52 gold pieces
 39933 | Snake:2  | Bought a scroll of fear for 52 gold pieces
 39933 | Snake:2  | Bought a scroll of identify for 30 gold pieces
 39933 | Snake:2  | Bought a scroll of magic mapping for 52 gold pieces
 39933 | Snake:2  | Bought a scroll of identify for 30 gold pieces
 39933 | Snake:2  | Bought a scroll of remove curse for 45 gold pieces
 39933 | Snake:2  | Bought a scroll of recharging for 142 gold pieces
 39933 | Snake:2  | Bought a scroll of recharging for 142 gold pieces
 40130 | Snake:3  | Reached XP level 17. HP: 91/91 MP: 26/26
 40174 | Snake:3  | Found Xyckoibo's General Store.
 40755 | Snake:3  | Found a basalt altar of Yredelemnul.
 41885 | Snake:4  | Gained mutation: You are partially covered in yellow scales (AC +2). [potion of beneficial mutation]
 42754 | Snake:5  | Entered Level 5 of the Snake Pit
 43753 | Snake:5  | Noticed Roxanne
 43786 | Snake:5  | Got an ancient silver amulet
 43787 | Snake:5  | Identified the amulet "Fuongosh" {rMut rElec rC- Str+3 Stlth+} (You found it on level 5 of the Snake Pit)
 45373 | Snake:5  | Reached XP level 18. HP: 82/96 MP: 27/27
 46038 | Snake:5  | Got a serpentine rune of Zot
 47250 | Lair:2   | Learned a level 3 spell: Mephitic Cloud
 47386 | Vaults:1 | Entered Level 1 of the Vaults
 47410 | Vaults:1 | Reached skill level 1 in Poison Magic
 47423 | Vaults:1 | Noticed Wiglaf
 47446 | Vaults:1 | Killed Wiglaf
 47753 | Vaults:1 | Reached skill level 1 in Conjurations
 49184 | Vaults:2 | Noticed Sojobo
 49730 | Vaults:2 | Noticed Jory
 49806 | Vaults:2 | Killed Jory
 50024 | Vaults:2 | Reached skill level 23 in Dodging
 50059 | Vaults:2 | Reached XP level 19. HP: 79/100 MP: 28/28
 50102 | Vaults:2 | Found Hytaymuso's Distillery.
 50111 | Vaults:2 | Bought a potion of haste for 120 gold pieces
 50111 | Vaults:2 | Bought a potion of might for 48 gold pieces
 50111 | Vaults:2 | Bought a potion of might for 48 gold pieces
 50111 | Vaults:2 | Bought a potion of heal wounds for 60 gold pieces
 50111 | Vaults:2 | Bought a potion of curing for 36 gold pieces
 50446 | Vaults:2 | Found a staircase to the Crypt.
 51986 | Vaults:3 | Reached skill level 24 in Stealth
 52035 | Vaults:3 | Found Gozag's Antique Armour Boutique.
 52071 | Vaults:3 | Found an opulent altar of Gozag.
 52135 | Vaults:3 | Found Gozag's Antique Armour Shop.
 52140 | Vaults:3 | Found Gozag's Antique Weapon Shop.
 52700 | Vaults:3 | Bought a shimmering short sword for 800 gold pieces
 52710 | Vaults:3 | Identified the cursed +0 short sword "Utwa" {freeze, Int+6} (You bought it in a shop on level 3 of the Vaults)
 52723 | Vaults:3 | Reached skill level 25 in Stealth
 53531 | Vaults:3 | Found a staircase to the Crypt.
 54377 | Elf:1    | Entered Level 1 of the Elven Halls
 55147 | Elf:1    | Identified Zyrusoro's Papyrus of Sinister Magic
 55543 | Elf:2    | Found a deep blue altar of Sif Muna.
 55848 | Elf:2    | Got a shadowed robe
 55940 | Elf:2    | Found Remew's Jewellery Boutique.
 56547 | Elf:2    | Found a huge runed gate.
 56548 | Elf:2    | Found a huge runed gate.
 56548 | Elf:2    | Found a huge runed gate.
 56549 | Elf:2    | Found a huge runed gate.
 56554 | Elf:2    | Reached XP level 20. HP: 105/105 MP: 29/29
 56559 | Elf:2    | Found a huge runed gate.
 56573 | Elf:2    | Reached skill level 26 in Stealth
 56575 | Elf:2    | Identified the +4 robe of Fallacy {Stlth+} (You took it off a deep elf summoner on level 2 of the Elven Halls)
 57368 | Elf:3    | Entered Level 3 of the Elven Halls
 58476 | Swamp:1  | Entered Level 1 of the Swamp
 59419 | Swamp:2  | Found a frozen archway.
 59444 | IceCv    | Entered an ice cave
 59918 | Swamp:2  | Found a snail-covered altar of Cheibriados.
 61349 | Swamp:3  | Reached skill level 10 in Throwing
 61652 | Swamp:4  | Noticed Donald
 61686 | Swamp:4  | Reached skill level 1 in Invocations
 61795 | Swamp:4  | Killed Donald
 62282 | Swamp:5  | Entered Level 5 of the Swamp
 62293 | Swamp:5  | Got a jewelled buckler
 62294 | Swamp:5  | Identified the cursed +0 buckler of Xom's Supremacy {rElec Regen+ Dex+2 Stlth-} (You found it on level 5 of the Swamp)
 63803 | Swamp:5  | Noticed the 27-headed Lernaean hydra
 63812 | Swamp:5  | Killed the 27-headed Lernaean hydra
 63812 | Swamp:5  | Reached XP level 21. HP: 108/110 MP: 28/30
 63840 | Swamp:5  | Got a decaying rune of Zot
 64417 | Lair:2   | Learned a level 3 spell: Confuse
 64711 | Vaults:3 | Reached skill level 1 in Hexes
 66171 | Vaults:4 | Reached skill level 5 in Hexes
 66263 | Vaults:4 | Found Zaupek's Magic Scroll Boutique.
 66270 | Vaults:4 | Bought a scroll of recharging for 114 gold pieces
 66270 | Vaults:4 | Bought a scroll of magic mapping for 42 gold pieces
 66270 | Vaults:4 | Bought a scroll of identify for 24 gold pieces
 66270 | Vaults:4 | Bought a scroll of recharging for 114 gold pieces
 66270 | Vaults:4 | Bought a scroll of fog for 24 gold pieces
 66270 | Vaults:4 | Bought a scroll of remove curse for 36 gold pieces
 66366 | Vaults:4 | Noticed Xtahua
 66463 | Vaults:4 | Killed Xtahua
 67739 | Lair:2   | Upgraded the game from 0.17-a0-346-g4a5ca9a to 0.17-a0-372-gcac7fed
 68020 | Slime:1  | Entered Level 1 of the Pits of Slime
 69629 | Slime:3  | You fall through a shaft!
 69771 | Slime:3  | Reached skill level 15 in Charms
 70291 | Slime:4  | Reached XP level 22. HP: 99/117 MP: 31/31
 71169 | Slime:5  | Reached skill level 10 in Hexes
 71400 | Slime:6  | Entered Level 6 of the Pits of Slime
 72351 | Depths:1 | Noticed BluebellGnoll's illusion
 72390 | Depths:1 | Killed Mara
 72474 | Depths:1 | Killed Norris
 72520 | Depths:1 | Noticed Aizul
 73222 | Depths:1 | Killed Aizul
 74354 | Depths:2 | Noticed Pikaro's ghost (mighty OgFE)
 75720 | Depths:2 | Killed Pikaro's ghost
 76754 | Depths:3 | Found a gateway to a ziggurat.
 76827 | Depths:3 | Reached XP level 23. HP: 121/121 MP: 32/32
 76911 | Depths:3 | Noticed the Enchantress
 76918 | Depths:3 | Killed the Enchantress
 76964 | Depths:3 | Got a faerie dragon armour
 77268 | D:14     | Identified the +1 faerie dragon armour {rC+ rCorr Int-4 Dex-2} (You took it off the Enchantress on level 3 of the Depths)
 77514 | Depths:3 | Learned a level 4 spell: Control Teleport
 77769 | Depths:3 | Got a translucent flail
 77884 | Depths:3 | Noticed Jorgrun
 77888 | Depths:3 | Killed Jorgrun
 78125 | Depths:3 | Reached skill level 10 in Spellcasting
 79029 | D:14     | Learned a level 5 spell: Silence
 79264 | Vaults:5 | Entered Level 5 of the Vaults
 79264 | Vaults:5 | Noticed an ancient lich
 79602 | Vaults:5 | Got a silver rune of Zot
 80604 | Vaults:5 | Identified the Handbook of the Boosting Voyage (You found it on level 5 of the Vaults)
 80622 | Vaults:5 | Identified the Grimoire of Creative Curses
 80642 | Vaults:5 | Got a flickering bronze amulet
 80678 | Vaults:5 | Got a silken robe
 80692 | Vaults:5 | Reached skill level 15 in Spellcasting
 80796 | Vaults:5 | Identified the +2 robe of the Lost Places {Slay+3 Stlth+} (You found it on level 5 of the Vaults)
 81303 | Vaults:5 | Reached XP level 24. HP: 126/126 MP: 40/40
 81413 | Vaults:5 | Identified the amulet "Qubbo" {rMut rN+ Int+2 Slay-3} (You took it off a deep elf demonologist on level 5 of the Vaults)
 81425 | Vaults:5 | Learned a level 6 spell: Invisibility
 82092 | Vaults:5 | Found Neel's Assorted Antiques.
 82133 | Vaults:5 | Bought a potion of agility for 100 gold pieces
 82133 | Vaults:5 | Bought a hardcover book for 375 gold pieces
 82133 | Vaults:5 | Bought a potion of might for 100 gold pieces
 82133 | Vaults:5 | Bought a disc of storms for 500 gold pieces
 82140 | Vaults:5 | Learned a level 3 spell: Spectral Weapon
 82143 | Vaults:5 | Learned a level 2 spell: Shroud of Golubria
 82146 | Vaults:5 | Learned a level 2 spell: Song of Slaying
 82792 | Vaults:5 | Killed an ancient lich
 83393 | Vaults:5 | Found Kuik's Magic Scroll Shoppe.
 83553 | Vaults:5 | Found Datibot's Food Shop.
 83557 | Vaults:5 | Bought a bread ration for 50 gold pieces
 83557 | Vaults:5 | Bought a bread ration for 50 gold pieces
 83557 | Vaults:5 | Bought a bread ration for 50 gold pieces
 83557 | Vaults:5 | Bought a bread ration for 50 gold pieces
 83557 | Vaults:5 | Bought 3 fruits for 45 gold pieces
 83557 | Vaults:5 | Bought 4 fruits for 60 gold pieces
 84175 | Vaults:5 | Found Nocutul's Distillery.
 84179 | Vaults:5 | Bought a potion of curing for 45 gold pieces
 84179 | Vaults:5 | Bought a potion of haste for 150 gold pieces
 84179 | Vaults:5 | Bought a potion of haste for 150 gold pieces
 84179 | Vaults:5 | Bought a potion of beneficial mutation for 525 gold pieces
 84179 | Vaults:5 | Gained mutation: You are agile. (Dex +2) [potion of beneficial mutation]
 84180 | Vaults:5 | Bought a potion of brilliance for 60 gold pieces
 85256 | Elf:3    | Got a warped iron ring
 85257 | Elf:3    | Got an encrusted rapier
 85434 | Elf:3    | Identified the ring "Edir" {rC+ MP+9 Str+4 Int+4} (You took it off a deep elf annihilator on level 3 of the Elven Halls)
 85967 | Elf:3    | Found a huge runed gate.
 85973 | Elf:3    | Found a huge runed gate.
 85973 | Elf:3    | Found a huge runed gate.
 85974 | Elf:3    | Found a huge runed gate.
 85975 | Elf:3    | Found a huge runed gate.
 85975 | Elf:3    | Found a huge runed gate.
 86150 | Elf:3    | Found a huge runed gate.
 86158 | Elf:3    | Found a huge runed gate.
 86158 | Elf:3    | Found a huge runed gate.
 86159 | Elf:3    | Found a huge runed gate.
 86166 | Elf:3    | Found a huge runed gate.
 86166 | Elf:3    | Found a huge runed gate.
 86166 | Elf:3    | Found a huge runed gate.
 86166 | Elf:3    | Found a huge runed gate.
 86166 | Elf:3    | Found a huge runed gate.
 86166 | Elf:3    | Found a huge runed gate.
 86166 | Elf:3    | Found a huge runed gate.
 86167 | Elf:3    | Found a huge runed gate.
 86557 | Elf:3    | Identified the +8 rapier of Infinite Pain {pierce, *Rage SInv Stlth+} (You took it off a deep elf annihilator on level 3 of the Elven Halls)
 86722 | Elf:1    | Reached XP level 25. HP: 119/134 MP: 41/41
 86892 | Lair:2   | Learned a level 6 spell: Deflect Missiles
 87280 | D:14     | Learned a level 6 spell: Mass Confusion
 88037 | Depths:3 | Reached skill level 27 in Dodging
 88182 | Depths:3 | Reached skill level 10 in Evocations
 88287 | Depths:3 | Found a one-way gate to the infinite horrors of the Abyss.
 88896 | Depths:4 | Reached skill level 15 in Evocations
 89005 | Depths:4 | Noticed Herrn's ghost (awesomely powerful FoFi)
 89086 | Depths:4 | Killed Herrn's ghost
 89815 | Depths:5 | Entered Level 5 of the Depths
 90302 | Hell     | Entered the Vestibule of Hell
 90302 | Hell     | Noticed Geryon
 90304 | Hell     | Killed Geryon
 90304 | Hell     | Reached skill level 15 in Fighting
 91232 | Hell     | Noticed Murray
 91547 | Depths:1 | Killed Murray
 92028 | Hell     | Found a gateway to the decaying netherworld of Tartarus.
 92102 | Hell     | Found a gateway to the freezing wastes of Cocytus.
 92413 | Hell     | Found a gateway to the ashen valley of Gehenna.
 92525 | Hell     | Found a gateway to the Iron City of Dis.
 92878 | Hell     | Learned a level 4 spell: Control Undead
 93170 | Vaults:4 | Bought a scroll of enchant armour for 90 gold pieces
 93231 | Vaults:5 | Reached skill level 1 in Necromancy
 94071 | Slime:6  | Found a viscous altar of Jiyva.
 94074 | Slime:6  | Noticed the royal jelly
 94084 | Slime:6  | Reached XP level 26. HP: 130/143 MP: 42/42
 94102 | Slime:6  | Killed the royal jelly
 94539 | Slime:6  | Upgraded the game from 0.17-a0-372-gcac7fed to 0.17-a0-417-gc4a8610
 94539 | Slime:6  | Upgraded the game from 0.17-a0-417-gc4a8610 to 0.17-a0-430-g8a98999
 95250 | Slime:6  | Reached skill level 5 in Necromancy
 95320 | Slime:6  | Reached skill level 27 in Stealth
 95357 | Slime:6  | Got a slimy rune of Zot
 95375 | Slime:6  | Got a clouded bronze amulet
 95375 | Slime:6  | Got a glittering ruby amulet
 95572 | Lair:8   | Identified the amulet "Larar" {Spirit rN++ Slay-2} (You found it on level 6 of the Pits of Slime)
 95574 | Lair:8   | Identified the amulet of the Lily {Stasis rF+ rN+ MR+ Stlth+} (You found it on level 6 of the Pits of Slime)
 95688 | Slime:6  | Identified Hixzor's Reference Book on Burning Battle Magic (You found it on level 6 of the Pits of Slime)
 95688 | Slime:6  | Identified Xuixaog's Guide on Helpful Feathers (You found it on level 6 of the Pits of Slime)
 95710 | Slime:6  | Got a coiled brass ring
 95731 | Slime:6  | Got a steaming trident
 95858 | Lair:8   | Identified the ring "Oschan" {-Tele +Inv rF+ rC++ Int+4} (You found it on level 6 of the Pits of Slime)
 96814 | Pan      | Entered Pandemonium
 97118 | Pan      | Reached skill level 5 in Invocations
 97380 | Pan      | Noticed Vuthrul the pandemonium lord
 97395 | Pan      | Found an exit through the horrors of the Abyss.
 97407 | Pan      | Killed Vuthrul the pandemonium lord
 97479 | Pan      | Got a demonic rune of Zot
 97506 | Pan      | Took an exit into the Abyss.
 97506 | Abyss:1  | Escaped into the Abyss
 97509 | Abyss:1  | Found a corrupted altar of Lugonu.
 97525 | Abyss:1  | Found a shimmering altar of Xom.
 97525 | Abyss:1  | Found a shimmering altar of Xom.
 97525 | Abyss:1  | Found a shimmering altar of Xom.
 97525 | Abyss:1  | Found a corrupted altar of Lugonu.
 97526 | Abyss:1  | Found a shimmering altar of Xom.
 97526 | Abyss:1  | Found a shimmering altar of Xom.
 97526 | Abyss:1  | Found a shimmering altar of Xom.
 97526 | Abyss:1  | Found a shimmering altar of Xom.
 97528 | Abyss:1  | Found a shimmering altar of Xom.
 97528 | Abyss:1  | Found a shimmering altar of Xom.
 97528 | Abyss:1  | Found a shimmering altar of Xom.
 97529 | Abyss:1  | Found a shimmering altar of Xom.
 97529 | Abyss:1  | Found a shimmering altar of Xom.
 97537 | Abyss:1  | Found a shimmering altar of Xom.
 98099 | Depths:1 | Escaped the Abyss
 99135 | Depths:5 | Found a gate to the Realm of Zot.
 99535 | Depths:5 | Found Siam's Assorted Antiques.
 99581 | Depths:5 | Bought a brightly glowing pewter amulet for 215 gold pieces
 99581 | Depths:5 | Bought a scroll of fear for 150 gold pieces
 99581 | Depths:5 | Identified the amulet "Uhijics" {Ward rPois rN+ Int+5 Dex-5} (You bought it in a shop on level 5 of the Depths)
 99867 | Zot:1    | Entered Level 1 of the Realm of Zot
100063 | Zot:1    | Reached XP level 27. HP: 149/149 MP: 43/43
100794 | Zot:2    | Noticed an orb of fire
101189 | Zot:2    | Got a shimmering tin ring
101190 | Zot:2    | Identified the ring "Kare Mea" {rF+ rC+ Str+4} (You found it on level 2 of the Realm of Zot)
101284 | Zot:3    | Upgraded the game from 0.17-a0-430-g8a98999 to 0.17-a0-461-g772d41b
102703 | Zot:5    | Entered Level 5 of the Realm of Zot
103049 | Zot:5    | Noticed an orb of fire
103473 | Depths:5 | Bought a steam dragon armour for 1720 gold pieces
104996 | Crypt:1  | Entered Level 1 of the Crypt
105289 | Crypt:1  | Noticed Boris
105298 | Crypt:1  | Killed Boris
105753 | Crypt:2  | Reached skill level 5 in Conjurations
106288 | Crypt:3  | Entered Level 3 of the Crypt
106967 | Crypt:3  | Found a staircase to the Tomb.
106978 | Crypt:3  | Got a scintillating marble ring
106978 | Crypt:3  | Got a heavily runed lapis lazuli ring
107040 | Crypt:3  | Identified the ring "Anurch" {rN+ MP+9 Int+3} (You found it on level 3 of the Crypt)
107042 | Crypt:3  | Identified the ring of Roskecsalli {-Tele +Inv rPois rN+} (You found it on level 3 of the Crypt)
107150 | Crypt:3  | Found an ancient bone altar of Kikubaaqudgha.
107403 | Crypt:3  | Noticed an ancient lich
107403 | Crypt:3  | Noticed an ancient lich
107409 | Crypt:3  | Killed an ancient lich
107411 | Crypt:3  | Killed an ancient lich
107958 | Crypt:3  | Reached skill level 10 in Conjurations
107966 | Crypt:3  | Identified the Almanac of Darkness
108411 | Hell     | Learned a level 6 spell: Freezing Cloud
108555 | Zig:1    | Entered Level 1 of a ziggurat
108563 | Zig:1    | Reached skill level 1 in Ice Magic
108586 | Zig:2    | Entered Level 2 of a ziggurat
108601 | Zig:2    | Reached skill level 5 in Air Magic
108637 | Zig:3    | Entered Level 3 of a ziggurat
108682 | Zig:4    | Entered Level 4 of a ziggurat
108813 | Zig:5    | Entered Level 5 of a ziggurat
108884 | Zig:5    | Identified a +2 rod of clouds (14/14) (You found it on level 4 of a ziggurat)
108982 | Zig:6    | Entered Level 6 of a ziggurat
109082 | Zig:6    | Got a bound marble ring
109084 | Zig:6    | Identified the ring "Hurhaez" {Ice rN+ Int-3 Dex+4} (You found it on level 6 of a ziggurat)
109093 | Zig:7    | Entered Level 7 of a ziggurat
109159 | Zig:8    | Entered Level 8 of a ziggurat
109260 | Zig:8    | Got a slimy bronze ring
109261 | Zig:8    | Identified the ring of the Firefly {rPois rF- MP+9 SInv} (You found it on level 8 of a ziggurat)
109302 | Zig:9    | Entered Level 9 of a ziggurat
109313 | Zig:9    | Lost mutation: You are agile. (Dex +2) [a shining eye]
109327 | Zig:9    | Reached skill level 5 in Ice Magic
109520 | Zig:10   | Entered Level 10 of a ziggurat
109821 | Zig:11   | Entered Level 11 of a ziggurat
109902 | Zig:11   | HP: 5/156 [greater naga/spear (15)]
110117 | Zig:12   | Entered Level 12 of a ziggurat
110256 | Zig:12   | Gained mutation: You are dopey. (Int -2) [mutagenic glow]
110264 | Zig:12   | Got a transparent silver ring
110266 | Zig:12   | Identified the ring of Worim {MP+9 Int+3 Dex-4 Slay+2} (You found it on level 12 of a ziggurat)
110278 | Zig:12   | Identified Sif Muna's Collected Works on Poisoning (You found it on level 12 of a ziggurat)
110422 | Zig:13   | Entered Level 13 of a ziggurat
110494 | Zig:13   | HP: 7/156 [freezing wraith (5)]
110530 | Zig:13   | Upgraded the game from 0.17-a0-461-g772d41b to 0.17-a0-465-g279efb6
110636 | Zig:13   | Got a brightly glowing buckler
110637 | Zig:13   | Identified the +2 buckler of Infinity {rElec rF+} (You found it on level 13 of a ziggurat)
110645 | Zig:13   | Identified the Collected Works on Creation
110649 | Zig:13   | Reached skill level 5 in Armour
110749 | Zig:14   | Entered Level 14 of a ziggurat
110804 | Zig:14   | Reached skill level 10 in Air Magic
111008 | Zig:15   | Entered Level 15 of a ziggurat
111235 | Zig:15   | Got a bone dagger
111236 | Zig:15   | Identified the +10 dagger of Paenk {pierce, rElec MP+9 Dex+4 Stlth+} (You found it on level 15 of a ziggurat)
111239 | Zig:15   | Identified the Compendium of Weightlessness (You found it on level 15 of a ziggurat)
111262 | Zig:15   | Identified a +2 rod of clouds (9/9) (You found it on level 15 of a ziggurat)
111280 | Zig:15   | Learned a level 4 spell: Summon Lightning Spire
111307 | Zig:16   | Entered Level 16 of a ziggurat
111373 | Zig:16   | HP: 7/156 [titan/the air (30)]
111373 | Zig:16   | Killed from afar by a fire giant

Action                   |  1- 3 |  4- 6 |  7- 9 | 10-12 | 13-15 | 16-18 | 19-21 | 22-24 | 25-27 || total
-------------------------+-------+-------+-------+-------+-------+-------+-------+-------+-------++-------
Melee: Dagger            |    70 |    53 |   404 |     8 |       |       |       |       |       ||   535
       Short sword       |       |       |    93 |   490 |       |       |       |       |       ||   583
       Rapier            |       |       |       |   342 |  1713 |  1901 |  2315 |  2130 |  2864 || 11265
 Fire: Blowgun           |    19 |    36 |   193 |   300 |   252 |   353 |   238 |    94 |     2 ||  1487
Throw: Stone             |       |       |    28 |       |       |       |       |       |       ||    28
       Tomahawk          |       |       |     9 |    24 |    31 |   231 |    75 |    94 |   112 ||   576
       Throwing net      |       |       |       |     5 |       |     2 |     1 |       |       ||     8
 Cast: Apportation       |       |       |       |     4 |    79 |   275 |   196 |   116 |   105 ||   775
       Flight            |       |       |       |       |     7 |    52 |    70 |     4 |    18 ||   151
       Regeneration      |       |       |       |       |     4 |   123 |    88 |    96 |   132 ||   443
       Repel Missiles    |       |       |       |       |       |     7 |     4 |     2 |     1 ||    14
       Mephitic Cloud    |       |       |       |       |       |     4 |    36 |   117 |    42 ||   199
       Confuse           |       |       |       |       |       |       |    35 |   177 |   105 ||   317
       Silence           |       |       |       |       |       |       |       |     5 |       ||     5
       Control Teleport  |       |       |       |       |       |       |       |     3 |       ||     3
       Spectral Weapon   |       |       |       |       |       |       |       |    30 |   119 ||   149
       Shroud of Golubri |       |       |       |       |       |       |       |       |   111 ||   111
       Song of Slaying   |       |       |       |       |       |       |       |       |    17 ||    17
       Invisibility      |       |       |       |       |       |       |       |       |    11 ||    11
       Mass Confusion    |       |       |       |       |       |       |       |       |    12 ||    12
       Deflect Missiles  |       |       |       |       |       |       |       |       |     4 ||     4
       Freezing Cloud    |       |       |       |       |       |       |       |       |     6 ||     6
       Summon Lightning  |       |       |       |       |       |       |       |       |     1 ||     1
Invok: Shadow Step       |       |       |       |     1 |    12 |    16 |    12 |    10 |    20 ||    71
 Abil: Evoke Teleportati |       |       |     4 |       |       |       |     1 |     2 |       ||     7
       Evoke Berserk Rag |       |       |       |       |       |       |     6 |     3 |       ||     9
       Evoke Invisibilit |       |       |       |       |       |       |       |     5 |       ||     5
       Stop Singing      |       |       |       |       |       |       |       |       |     1 ||     1
Evoke: Wand              |       |       |     1 |     4 |    15 |    12 |    58 |    19 |    15 ||   124
       Sack of spiders   |       |       |       |       |       |     1 |       |       |       ||     1
       Horn of Geryon    |       |       |       |       |       |       |       |       |     3 ||     3
       Phial of floods   |       |       |       |       |       |       |       |       |     3 ||     3
       Box of beasts     |       |       |       |       |       |       |       |       |     2 ||     2
       Fan of gales      |       |       |       |       |       |       |       |       |     1 ||     1
  Use: Scroll            |       |     4 |    17 |    10 |    13 |    13 |    20 |    18 |    29 ||   124
       Potion            |       |     1 |     2 |       |     2 |    16 |    10 |     9 |    28 ||    68
 Stab: Sleeping          |    12 |    16 |    35 |    87 |   291 |   124 |   256 |   121 |   199 ||  1141
       Distracted        |       |       |     6 |    13 |    26 |    21 |    34 |    33 |    84 ||   217
       Held in net/web   |       |       |       |     3 |       |       |       |       |       ||     3
       Confused          |       |       |       |       |     2 |     8 |    46 |   122 |    91 ||   269
       Paralysed         |       |       |       |       |       |       |     5 |     2 |       ||     7
       Invisible         |       |       |       |       |       |       |     2 |    13 |   114 ||   129
  Eat: Fruit             |       |     3 |     7 |       |    13 |     7 |     5 |    11 |    11 ||    57
       Royal jelly       |       |     1 |       |       |       |     2 |       |       |     4 ||     7
       Pizza             |       |       |     1 |     2 |     7 |     1 |     2 |       |     6 ||    19
       Bread ration      |       |       |       |       |       |     3 |     3 |     4 |     2 ||    12
